 Dungeon Crawl Stone Soup version 0.31.0-9-g3a7656b989 (webtiles) character file.

Game seed: 16372989197184046999

232 qw the Skirmisher (level 5, -1/30 HPs)
             Began as a Deep Elf Hunter on Feb 2, 2024.
             Slain by a gnoll
             ... wielding a +0 halberd
             ... led by a gnoll bouda
              (11 damage)
             ... on level 4 of the Dungeon.
             The game lasted 00:00:09 (2087 turns).

qw the Skirmisher (Deep Elf Hunter)                 Turns: 2087, Time: 00:00:10

Health: -1/30      AC:  9    Str: 10    XL:     5   Next: 73%
Magic:  7/7        EV:  9    Int: 14    God:
Gold:   924        SH:  0    Dex: 18    Spells: 4/4 levels left

rFire   . . .        a - +1 shortbow
rCold   . . .        (shield currently unavailable)
rNeg    . . .        b - +0 scale mail
rPois   .            j - +1 helmet
rElec   .            g - +0 cloak
rCorr   .            (no gloves)
SInv    +            (no boots)
Will    .....        (no amulet)
Stlth   +            d - ring of see invisible
HPRegen 0.25/turn    (no ring)
MPRegen 0.10/turn

%: no passive effects
@: weakened
A: no striking features
a: no special abilities


You were on level 4 of the Dungeon.
You visited 1 branch of the dungeon, and saw 4 of its levels.

You collected 924 gold pieces.


   Skills:
 + Level 1.7 Fighting
 - Level 9.0 Ranged Weapons
 - Level 1.0 Armour
 - Level 2.4 Dodging
 - Level 1.2 Stealth


You had 4 spell levels left.
You didn't know any spells.
Your spell library was empty.

Inventory:

Hand Weapons
 a - a +1 shortbow (weapon)
Armour
 b - a +0 scale mail (worn)
 c - a +1 leather armour of poison resistance
 g - a +0 cloak (worn)
 j - a +1 helmet (worn)
Jewellery
 d - a ring of see invisible (left hand)
Wands
 f - a wand of mindburst (9)
Potions
 e - a potion of might
 h - a potion of attraction {unknown}

Dungeon Overview and Level Annotations

Branches:
Dungeon (4/15)
 Temple: D:4-7

Altars:

Shops:
D:4 :


Message History

The gnoll closely misses you.
You shoot an arrow. The arrow barely misses the gnoll.
You shoot an arrow. The arrow barely misses the gnoll.
A gnoll comes into view. It is wielding a +0 club.
The gnoll barely misses you.
The gnoll bouda gazes fiercely through you!
You feel your attacks grow feeble.
A gnoll comes into view. It is wielding a +0 halberd.
You shoot an arrow. The arrow hits the gnoll.
The gnoll is heavily wounded.
The gnoll hits you but does no damage. The gnoll hits you with a +0 club.
You shoot an arrow. The arrow hits the gnoll!
You kill the gnoll!
A gnoll comes into view. It is wielding a +2 heavy spear.
You shoot an arrow.
The arrow barely misses the gnoll bouda.
The gnoll shouts!
The arrow hits the gnoll but does no damage.
The gnoll hits you from afar with a +0 halberd.
The gnoll bouda hits you but does no damage.
You shoot an arrow. The arrow hits the gnoll bouda!
The gnoll bouda is moderately wounded.
Your attacks no longer feel as feeble.
The gnoll barely misses you. The gnoll hits you but does no damage.
The gnoll bouda barely misses you. The gnoll barely misses you.
You shoot an arrow.
The arrow barely misses the gnoll bouda.
The arrow closely misses the gnoll.
The gnoll hits you but does no damage.
The gnoll bouda gazes fiercely through you!
You feel your attacks grow feeble.
The gnoll bouda hits you with a +0 club.
The gnoll hits you from afar with a +2 heavy spear.
The gnoll closely misses you.
You shoot an arrow.
The arrow hits the gnoll bouda but does no damage.
The gnoll bouda is moderately wounded.
The gnoll hits you with a +0 club.
The gnoll hits you from afar with a +0 halberd!
You die...

#..... #..... #....
############+#...
#..............#######
#..............#.....#
#............gg#.....#
#+#............g.#'##..#
........########@g..#..#####
........#..+ #....#......#
........%..# #....'......#
........########....########
######.......#.####........#
.....#.......+....#........#
<....#..8.8..#............P#
.....#...\...##.P.~~....P..#####
.##'##..8)8....P...~~~..PP.....#


You could see a gnoll bouda and 3 gnolls.

Vanquished Creatures
  An ogre (D:4)
  Ijyb (D:4)
  4 adders
  A gnoll (D:4)
  A dart slug (D:1)
  3 ribbon worms
  2 orcs (D:3)
  4 bats
  7 endoplasms
  2 giant cockroaches (D:1)
  8 goblins
  7 hobgoblins
  4 quokkas
  6 ball pythons
  5 frilled lizards
  8 kobolds
  6 rats
70 creatures vanquished.

Notes
Turn   | Place    | Note
-------+----------+-------------------------------------------
     0 | D:1      | qw the Deep Elf Hunter began the quest for the Orb.
     0 | D:1      | Reached XP level 1. HP: 12/12 MP: 3/3
     0 | D:1      | 0 ||| qw: Version: 0.3-a-155-g5e7d8dd
     0 | D:1      | 0 ||| qw: Game counter: 1979
     0 | D:1      | 0 ||| qw: Melee chars always use a shield: true
     0 | D:1      | 0 ||| qw: God list: Okawaru
     0 | D:1      | 0 ||| qw: Allow faded altars: false
     0 | D:1      | 0 ||| qw: Do Orc after clearing Dungeon:15 true
     0 | D:1      | 0 ||| qw: Do second Lair branch before Depths: true
     0 | D:1      | 0 ||| qw: Lair rune preference: random
     0 | D:1      | 0 ||| qw: Goals: Normal
     0 | D:1      | 0 ||| PLANNING D:1-11
    90 | D:1      | Found a faded altar of an unknown god.
   212 | D:1      | Reached XP level 2. HP: 16/16 MP: 4/4
   227 | D:1      | Reached skill level 6 in Ranged Weapons
   442 | D:1      | Reached XP level 3. HP: 20/20 MP: 5/5
   700 | D:1      | 700 ||| UPGRADING to ring of see invisible.
   701 | D:1      | 701 ||| READING scroll labelled ZEDOMIY TYTRAU.
   702 | D:1      | 702 ||| READING scroll labelled BECIRH YD NYM.
   703 | D:1      | 703 ||| READING scroll labelled BIRAITEARE.
   703 | D:1      | 703 ||| IDENTIFYING orange potion
   704 | D:1      | 704 ||| READING scroll labelled ROCOBU JOAFULAO.
   705 | D:1      | 705 ||| READING scroll labelled SAESTR QAHE.
   706 | D:1      | 706 ||| DROPPING scroll of butterflies.
   915 | D:2      | Reached skill level 7 in Ranged Weapons
  1205 | D:2      | 1205 ||| UPGRADING to +0 scale mail.
  1215 | D:2      | 1215 ||| DROPPING +0 leather armour.
  1216 | D:2      | 1216 ||| UPGRADING to +0 cloak.
  1221 | D:2      | 1221 ||| READING scroll labelled NENAARUQOL.
  1221 | D:2      | 1221 ||| ENCHANTING +0 shortbow.
  1375 | D:3      | Reached XP level 4. HP: 25/25 MP: 6/6
  1772 | D:3      | 1772 ||| UPGRADING to +1 helmet.
  1777 | D:3      | 1777 ||| READING scroll of identify.
  1777 | D:3      | 1777 ||| IDENTIFYING metallic puce potion
  1778 | D:3      | 1778 ||| READING scroll labelled UROENG UHYXEKKI.
  1778 | D:3      | Identified a scroll of acquirement
  1778 | D:3      | 1778 ||| ACQUIRING 780 gold pieces
  1778 | D:3      | Acquired 780 gold pieces
  1856 | D:4      | Reached skill level 8 in Ranged Weapons
  1888 | D:4      | Found Wufyet's Book Boutique.
  1895 | D:4      | Noticed Ijyb
  1896 | D:4      | HP: 6/25 [disintegration (19)]
  1897 | D:4      | 1897 ||| DRINKING 2 potions of heal wounds.
  1905 | D:4      | Killed Ijyb
  1906 | D:4      | Reached skill level 1 in Armour
  1906 | D:4      | Reached XP level 5. HP: 11/29 MP: 7/7
  1908 | D:4      | HP: 6/29 [poisoned by Ijyb]
  1913 | D:4      | HP: 2/29 [poisoned by Ijyb]
  1921 | D:4      | 1921 ||| DRINKING potion of heal wounds.
  2035 | D:4      | Noticed an ogre
  2036 | D:4      | 2036 ||| ZAPPING wand of mindburst (12) at 5,2 (ogre;
                  | floor).
  2037 | D:4      | 2037 ||| ZAPPING wand of mindburst (11) at 4,1 (ogre;
                  | floor).
  2038 | D:4      | 2038 ||| ZAPPING wand of mindburst (10) at 3,0 (ogre;
                  | floor).
  2038 | D:4      | Killed an ogre
  2039 | D:4      | Reached skill level 9 in Ranged Weapons
  2087 | D:4      | Slain by a gnoll

Levels and vault maps discovered:
D:1:      ldierk_walled_garden_2, layout_basic,
          hellmonk_ecumenical_altar_zigzags
D:2:      layout_basic
D:3:      layout_loops_ring, lemuel_flame_loot_1
D:4:      layout_gridville, serial_shops, nicolae_shop_tiny_waterfront,
          nicolae_shop_bloodbath_and_beyond, nicolae_shop_hallway_plus,
          nicolae_take_the_stairs, nicolae_shop_tiny_statue_garden,
          guppyfry_early_lair_pool, uniq_duvessa, uniq_ijyb

Skill      XL: |  1  2  3  4  5 |
---------------+----------------+-----
Ranged Weapons | 6 7 8 9 |  9.0
Armour         | 1 |  1.0
Fighting       | |  1.7
Dodging        | |  2.4
Stealth        | |  1.2

Action                     |  1- 3 |  4- 6 || total
---------------------------+-------+-------++-------
   Fire: Shortbow          |   117 |    85 ||   202
  Evoke: Wand              |       |     3 ||     3
    Use: Scroll            |     6 |     2 ||     8
         Potion            |       |     2 ||     2
 Armour: Leather armour    |     8 |       ||     8
         Scale mail        |       |    33 ||    33
  Dodge: Dodged            |    11 |    18 ||    29

Table legend:
 A = Non-vault XP
 B = Vault XP
 C = Vault XP percentage of total XP
 D = Non-vault monster count
 E = Vault monster count
 F = Vault count percentage of total count
                 A         B        C        D         E       F
            +---------+---------+-------+---------+---------+-------
      Total |     296 |      36 |  10.8 |      69 |       1 |   1.4
            +---------+---------+-------+---------+---------+-------
        D:1 |      45 |       0 |   0.0 |      26 |       0 |   0.0
        D:2 |      43 |       0 |   0.0 |      16 |       0 |   0.0
        D:3 |      30 |       0 |   0.0 |      16 |       0 |   0.0
        D:4 |     178 |      36 |  16.8 |      11 |       1 |   8.3
            +---------+---------+-------+---------+---------+-------
